 Dungeon Crawl Stone Soup version 0.18-a0-1577-gf591c28 (webtiles) character file.

108 Ijustatesigmund the Insei (level 4, 0/31 HPs)
             Began as an Octopode Transmuter on Mar 18, 2016.
             Slain by Grinder (10 damage)
             ... on level 3 of the Dungeon.
             The game lasted 00:06:04 (2407 turns).

Ijustatesigmund the Insei (Octopode Transmuter)     Turns: 2407, Time: 00:06:04

Health: 0/31       AC:  1    Str: 10    XL:     4   Next: 87%
Magic:  7/7        EV: 12    Int: 15    God:
Gold:   136        SH:  0    Dex: 12    Spells: 3 memorised, 1 level left

rFire  . . .     SeeInvis .       - Unarmed
rCold  . . .     Gourm    .     (no shield)
rNeg   . . .     Faith    .     (helmet restricted)
rPois  .         Spirit   .     (no amulet)
rElec  .         Dismiss  .     (no ring)
rCorr  .         Reflect  .     (no ring)
SustAt .         Harm     .     (no ring)
MR     .....                    (no ring)
Stlth  ++........               (no ring)
                                (no ring)
                                (no ring)
                                (no ring)

@: hasted, very quick, not resistant to hostile enchantments, unstealthy
A: almost no armour, amphibious, 8 rings, constrict 8, camouflage 1, gelatinous
body 1
a: no special abilities


You were on level 3 of the Dungeon.
You were not hungry.

You visited 1 branch of the dungeon, and saw 4 of its levels.

You collected 136 gold pieces.

Inventory:

Missiles
 a - 17 arrows
Scrolls
 h - 2 scrolls of enchant armour
 k - a scroll of remove curse
 o - a scroll of recharging
Potions
 f - a potion of invisibility {unknown}
 l - 2 potions of curing {unknown}
 n - a potion of degeneration {unknown}
 p - a potion of cancellation {unknown}
Books
 b - a book of Changes

   Spells                             Type                      Level
   a - Beastly Appendage              Transmutation                1
   b - Sticks to Snakes               Transmutation                2
   c - Spider Form                    Transmutation/Poison         3
   d - Ice Form                       Ice/Transmutation            4
   e - Blade Hands                    Transmutation                5
Comestibles
 c - 2 bread rations
 g - a beef jerky
 i - 3 slices of pizza
 j - 2 meat rations
 m - 2 chunks of flesh


   Skills:
 + Level 3.0 Fighting
 - Level 2.0 Dodging
 + Level 4.2 Unarmed Combat
 - Level 2.0 Spellcasting
 - Level 2.0 Transmutations
 + Level 1.4 Poison Magic


You had one spell level left.
You knew the following spells:

 Your Spells              Type           Power        Failure   Level  Hunger
a - Beastly Appendage     Trmt           #.....       12%         1    #......
b - Sticks to Snakes      Trmt           #.......     14%         2    ###....
c - Spider Form           Trmt/Pois      #.........   34%         3    ###....


Dungeon Overview and Level Annotations

Branches:
Dungeon (4/15)
 Temple: D:4-7

Altars:
Fedhas

Annotations:
D:3 Grinder


Innate Abilities, Weirdness & Mutations

You cannot wear most types of armour.
You are amphibious.
You can wear up to eight rings at the same time.
You can use your tentacles to constrict eight enemies at once.
Your skin changes colour to match your surroundings (Stealth).
Your rubbery body absorbs attacks (AC +1).


Message History

You feel less exhausted.
You start resting.
HP restored.
You see here a club.
You now have 132 gold pieces (gained 11).
You now have 136 gold pieces (gained 4).
Found an escape hatch in the floor.
No target in view!
Grinder comes into view.
Grinder shouts!
Grinder hits you!
You writhe in agony.
You tentacle-slap Grinder. You grab Grinder.
Grinder is lightly wounded.
You constrict Grinder, but do no damage.
Grinder hits you.
You writhe in agony.
Drink which item? (? for menu, Esc to quit)
You feel yourself speed up.
You constrict Grinder, but do no damage.
Grinder hits you!
You die...

##...# #..#
..... #..#
.#.### ...
#..# ..%. ...
#..#
#..######.#
#..#
#..#.......
###..# #..>.#
#.# .##..##
#.#..# #.#
...)..#####
#@#..# #.#
.##........
#5##.## #.#
..(########
#.##..# #)#
..(..#
#.##..###.###
...#.#
#.##...##)..#
..)#.#
#.##......#.#
.#.#.#
#.####..#.#.#
##.#.# #.#
##.._..#
...#.#
#.#.###


You could see Grinder.

Vanquished Creatures
  Terence (D:3)
  A worker ant (D:4)
  An adder (D:2)
  A worm (D:2)
  2 dart slugs
  2 giant geckos (D:2)
  3 giant cockroaches
  5 goblins
  9 hobgoblins
  7 kobolds
  A quokka (D:1)
  7 bats
  7 rats
47 creatures vanquished.

Vanquished Creatures (collateral kills)
  2 worms (D:2)
2 creatures vanquished.

Grand Total: 49 creatures vanquished

Notes
Turn   | Place    | Note
--------------------------------------------------------------
     0 | D:1      | Ijustatesigmund the Octopode Transmuter began the quest for the Orb.
     0 | D:1      | Reached XP level 1. HP: 13/13 MP: 3/3
    95 | D:1      | Reached XP level 2. HP: 11/18 MP: 5/5
    99 | D:1      | Learned a level 2 spell: Sticks to Snakes
   954 | D:1      | Reached XP level 3. HP: 21/24 MP: 6/6
   959 | D:1      | Learned a level 3 spell: Spider Form
  1617 | D:2      | Reached skill level 1 in Poison Magic
  1646 | D:2      | Reached XP level 4. HP: 9/30 MP: 1/7
  1886 | D:2      | You fall through a shaft for 2 floors!
  1919 | D:3      | Found a blossoming altar of Fedhas.
  1968 | D:2      | Reached skill level 4 in Unarmed Combat
  2183 | D:3      | Noticed Terence
  2197 | D:3      | Killed Terence
  2403 | D:3      | Noticed Grinder
  2407 | D:3      | Slain by Grinder

Vault maps used:
D:1:      lightli_arrival_statuegarden
D:3:      nicolae_overflow_hidden_temple, lemuel_crystal_altar, uniq_grinder,
          uniq_terence
D:4:      first_bread, uniq_blork_the_orc

Skill      XL: |  1  2  3  4 |
---------------+-------------+-----
Fighting       | 2 3 |  3.0
Poison Magic   | 1 |  1.4
Unarmed Combat | 4 |  4.2
Dodging        | |  2.0
Spellcasting   | |  2.0
Transmutations | |  2.0

Action                   |  1- 3 |  4- 6 || total
-------------------------+-------+-------++-------
Melee: Unarmed           |    87 |    30 ||   117
 Cast: Sticks to Snakes  |     4 |     2 ||     6
       Beastly Appendage |     1 |     1 ||     2
  Use: Scroll            |     8 |     1 ||     9
       Potion            |       |     2 ||     2
 Stab: Sleeping          |     2 |     2 ||     4
       Distracted        |     2 |       ||     2
  Eat: Chunk             |     2 |     4 ||     6
